Map: Neon Violet Square LE

Players

Tiberius

  • Race: Protoss Protoss
  • League: Platinum
  • Spawn Location: 5:00

Catpockets

  • Race: Terran Terran
  • League: Platinum
  • Spawn Location: 11:00

VOD

Have the link to the VOD?

Description

crazy game

Time

  • Played on: Jan. 13, 2018, 8:54 p.m.
  • Length: 16:58
Show
View Real Time Build Order
Export as new Build Order

Tiberius Protoss 

Build Orders:  

Get SALT Encoding   

  12  0:01  Probe  
  13  0:13  Probe  
  14  0:20  Pylon  
  14  0:25  Probe  
  15  0:39  Probe  
  15  0:41  Gateway  
  16  0:51  Probe  
  16  0:54  Assimilator  
  17  0:59  Assimilator  
  17  1:03  Probe  
  18  1:08  Pylon  
  18  1:16  Probe  
  19  1:28  Probe  
  19  1:31  Cybernetics Core  
  20  1:40  Probe  
  21  2:08  Robotics Facility  
  21  2:10  Robotics Facility  
  21  2:31  Pylon  
  21  2:52  Immortal (Chrono Boost)  
  25  2:59  Immortal (Chrono Boost)  
  28  3:21  Warp Prism (Chrono Boost)  
  30  3:29  Immortal (Chrono Boost)  
  30  4:09  Immortal (Chrono Boost)  
  30  4:15  Immortal (Chrono Boost)  
  19  5:39  Immortal  
  23  5:57  Immortal  
Show
View Real Time Build Order
Export as new Build Order

Catpockets Terran 

Build Orders: Cyclone Opening 

Get SALT Encoding   

  12  0:01  SCV  
  13  0:16  Supply Depot  
  13  0:18  SCV  
  14  0:31  SCV  
  15  0:38  Refinery  
  15  0:43  SCV  
  15  0:47  Barracks  
  16  0:57  SCV, Refinery  
  17  1:09  SCV  
  18  1:21  SCV  
  19  1:33  SCV  
  19  1:36  Factory  
  20  1:44  Barracks Reactor  
  20  1:45  SCV  
  21  1:52  Supply Depot  
  21  1:57  SCV  
  22  2:10  SCV  
  24  2:25  Orbital Command  
  23  2:32  Supply Depot  
  23  2:40  Marine  
  23  2:44  Cyclone x2  
  30  3:03  Factory  
  30  3:11  Marine  
  31  3:17  Cyclone x2  
  37  3:26  Supply Depot  
  37  3:29  Marine  
  38  3:46  Marine  
  34  4:01  Cyclone x2  
  40  4:04  Marine  
  40  4:05  Factory Reactor  
  41  4:22  Marine  
  41  4:30  Supply Depot  
  40  4:40  Marine  
  38  4:58  Marine  
  35  5:03  Cyclone  
  35  5:04  Cyclone  
  29  7:01  Orbital Command  
  28  7:25  Barracks  
  19  7:50  Barracks  
  18  7:52  Barracks x2  
  18  7:57  Barracks x2  
  18  8:05  Supply Depot  
  18  8:28  Supply Depot x2  
  18  8:34  Supply Depot  
  17  8:35  Supply Depot  
  17  8:38  Marine  
  17  8:39  Marine x2  
  18  8:46  Marine x2  
  19  8:54  Supply Depot  
  16  8:56  Marine x2  
  16  8:57  Marine  
  18  9:04  Marine x2  
  17  9:14  Marine x3  
  17  9:22  Marine x2  
  14  9:45  Orbital Command  
  9  10:07  Barracks  
  9  10:09  Barracks x3  
  9  10:12  Barracks  
  9  10:19  SCV  
  9  11:02  Marine  
  9  11:03  Marine x2  
  12  11:20  Marine x2  
  12  11:21  Marine  
  11  11:38  Marine x2  
Tags
 
Add a new tag
Caveats
  • Supply blocks, unpowered buildings, or Contaminate may cause inaccurate times.
  • Supply counts are checked every 10 seconds.